 Dungeon Crawl Stone Soup version 0.16.1-29-g3e760ad (webtiles) character file.

613 Yawgmoth the Digger (level 7, 0/36 HPs)
             Began as a Gargoyle Earth Elementalist on June 10, 2015.
             Slain by an orc wizard
             ... wielding a +2 dagger of protection
              (2 damage)
             ... on level 4 of the Dungeon on June 11, 2015.
             The game lasted 00:59:25 (5218 turns).

Yawgmoth the Digger (Gargoyle Earth Elementalist)   Turns: 5218, Time: 00:59:25

Health: 0/36       AC:  6    Str: 11    XL:     7   Next: 44%
Magic:  6/18       EV: 12    Int: 18    God:
Gold:   168        SH:  0    Dex: 10    Spells: 2 memorised, 11 levels left

rFire  . . .     SeeInvis .     F - 48 stones
rCold  . . .     Clarity  .     c - +0 robe
rNeg   + . .     SustAb   .     (no shield)
rPois  ∞         Gourm    .     (no helmet)
rElec  +         Spirit   .     (no cloak)
rCorr  .         Warding  .     (no gloves)
rMut   .         Stasis   .     (no boots)
MR     .....                    (no amulet)
Stlth  ++........               (no ring)
                                (no ring)

@: not resistant to hostile enchantments, unstealthy
A: negative energy resistance 1, electricity resistance, unbreathing,
petrification resistance, rot immunity, AC +4
a: no special abilities


You were on level 4 of the Dungeon.
You were not hungry.

You visited 1 branch of the dungeon, and saw 4 of its levels.

You collected 168 gold pieces.

Inventory:

Hand weapons
 f - a +0 blowgun
 i - a +0 spear
 k - a cursed -3 dagger
 l - a +0 short sword
 m - a +0 hunting sling
 p - a +0 whip
 D - a +0 hunting sling
 E - a +0 short sword
 J - a +0 rapier
 K - a +0 hand axe of electrocution
 L - a +3 hand axe
Missiles
 F - 48 stones (in hand)
 I - 5 curare-tipped needles
Armour
 c - a +0 robe (worn)
 g - a +0 robe
 t - a +0 leather armour
 x - a +0 robe
Magical devices
 G - a wand of flame (6)
Scrolls
 b - a scroll of random uselessness
 e - a scroll of magic mapping {unknown}
 h - 3 scrolls of remove curse {unknown}
 n - a scroll of recharging {unknown}
 q - a scroll of enchant weapon {unknown}
 r - 5 scrolls of identify
 s - 2 scrolls of teleportation
 y - a scroll of blinking {unknown}
 B - a scroll of immolation {unknown}
 H - a scroll of amnesia {unknown}
Potions
 o - 3 potions of restore abilities
 u - a potion of curing {unknown}
 v - a potion of cancellation {unknown}
 w - a potion of flight {unknown}
 z - a potion of might {unknown}
 A - 2 potions of ambrosia {unknown}
 C - a potion of degeneration {unknown}
Books
 d - a book of Geomancy

   Spells                             Type                      Level
   a - Sandblast                      Earth                        1
   b - Stoneskin                      Transmutation/Earth          2
   c - Passwall                       Transmutation/Earth          3
   d - Stone Arrow                    Conjuration/Earth            3
   e - Petrify                        Transmutation/Earth          4
   f - Lee's Rapid Deconstruction     Earth                        5
Comestibles
 a - 4 bread rations
 j - a royal jelly


   Skills:
 - Level 1.6 Dodging
 - Level 3.3 Stealth
 * Level 4.8 Spellcasting
 - Level 2.1 Conjurations
   Level 0.7 Transmutations
 * Level 7.1 Earth Magic


You had 11 spell levels left.
You knew the following spells:

 Your Spells              Type           Power        Failure   Level  Hunger
a - Sandblast             Erth           ####..       1%          1    None
b - Stone Arrow           Conj/Erth      ###...       10%         3    ###....


Dungeon Overview and Level Annotations

Branches:
Dungeon (4/15)
 Temple: D:4-7

Altars:
Nemelex Xobeh


Innate Abilities, Weirdness & Mutations

You are resistant to torment.
You are immune to poison.
Your stone body is very resilient (AC +4).
You resist negative energy.
You are resistant to electric shocks.
You can survive without breathing.
You are immune to petrification.
You are immune to rotting.


Message History

Something smites you!
* * * LOW HITPOINT WARNING * * *
Casting: Sandblast
Confirm with . or Enter, or press ? or * to list all spells.
Aiming: Sandblast
Press: ? - help, Shift-Dir - straight line, f/p - orc wizard
Aim: an orc wizard, wielding a dagger of protection and wearing a robe (severely wounded, fast)
The rocky blast misses the orc wizard.
The orc wizard closely misses you. The orc wizard casts a spell at you.
The magic dart hits you!
* * * LOW HITPOINT WARNING * * *
Casting: Sandblast
Confirm with . or Enter, or press ? or * to list all spells.
Aiming: Sandblast
Press: ? - help, Shift-Dir - straight line, f/p - orc wizard
Aim: an orc wizard, wielding a dagger of protection and wearing a robe (severely wounded, fast)
The rocky blast hits the orc wizard.
The orc wizard is severely wounded.
The orc wizard hits you with a dagger of protection.
You die...

##.###.#.# #..#
#....#.######..
##.###.(.# #..#
#..o.#.####....
#...###..#
#..####....#.#....#..
#...###..#
#..#.....#.#.#.####..
......(.>#
#..#o#####.[.(......[
#...#########..#.#
###.#.#####.
...............#.#
#.#.#...#.
...###########.#o#
#.#.#.#... .......#
#.#@# #.#.#.###.
.#####.#######.#.#
#.#.#.# #. .#
#.#.......#.#
#.#.#.###. .#
#.#.#######.#
#.#....... .# #.#.#
#.#######.###.####
.#####.#.#
#.......#.# #.#
.......#.#
#######.#.# #.#
.#######.#
#.#.###.#### .# #.#
#...........


You could see an orc priest and an orc wizard.

Vanquished Creatures
  Eustachio (D:4)
  A phantom (D:4)
  2 hounds
  2 orc wizards (D:3)
  An iguana (D:4)
  2 orc priests
  6 adders
  A giant mite (D:2)
  4 worms
  2 giant geckos (D:1)
  14 orcs
  7 bats
  A giant cockroach (D:4)
  13 goblins
  7 hobgoblins
  4 ball pythons
  5 giant newts
  5 jackals
  10 kobolds
  A quokka (D:4)
  7 rats
96 creatures vanquished.

Notes
Turn   | Place    | Note
--------------------------------------------------------------
     0 | D:1      | Yawgmoth, the Gargoyle Earth Elementalist, began the quest for the Orb.
     0 | D:1      | Reached XP level 1. HP: 10/10 MP: 3/3
   174 | D:1      | Reached XP level 2. HP: 6/15 MP: 0/4
   356 | D:1      | Reached skill level 4 in Earth Magic
   852 | D:1      | Reached XP level 3. HP: 19/19 MP: 3/6
  1192 | D:2      | Reached XP level 4. HP: 24/24 MP: 5/8
  1403 | D:2      | Learned a level 3 spell: Stone Arrow
  1910 | D:3      | Reached skill level 5 in Earth Magic
  1910 | D:3      | Reached XP level 5. HP: 25/28 MP: 0/11
  2037 | D:3      | Found a sparkling altar of Nemelex Xobeh.
  2719 | D:3      | Reached skill level 1 in Conjurations
  3007 | D:3      | Reached XP level 6. HP: 32/32 MP: 10/13
  4031 | D:4      | Noticed Eustachio
  4040 | D:4      | Killed Eustachio
  4040 | D:4      | Reached skill level 6 in Earth Magic
  4528 | D:4      | Reached XP level 7. HP: 36/36 MP: 2/17
  4979 | D:4      | Reached skill level 7 in Earth Magic
  5218 | D:4      | Slain by an orc wizard

Action                   |  1- 3 |  4- 6 |  7- 9 || total
-------------------------+-------+-------+-------++-------
Melee: Unarmed           |     2 |       |       ||     2
       Spear             |       |    11 |       ||    11
 Cast: Sandblast         |    44 |   124 |    19 ||   187
       Stone Arrow       |       |    21 |     6 ||    27
  Use: Scroll            |       |     3 |       ||     3
  Eat: Chunk             |     1 |    13 |     2 ||    16
